 Dungeon Crawl Stone Soup version 0.27.1-4-g1640c2035a (webtiles) character file.

Game seed: 17538282813455701033

95 raph the Magician (level 4, -2/31 HPs)
             Began as a Djinni Fire Elementalist on Nov 4, 2021.
             Slain by a wyvern skeleton (7 damage)
             ... on level 3 of the Dungeon.
             The game lasted 00:04:21 (3410 turns).

raph the Magician (Djinni Fire Elementalist)        Turns: 3410, Time: 00:04:22

Health: -2/31      AC:  2    Str:  7    XL:     4   Next: 95%
Gold:   64         EV: 12    Int: 17    God:
                   SH:  0    Dex: 14

rFire    + + .     SeeInvis .   d - +1 dagger (venom)
rCold    x . .     Faith    .   (no shield)
rNeg     . . .     Spirit   .   a - +0 robe
rPois    ∞         Reflect  .   (no helmet)
rElec    .         Harm     .   (no cloak)
rCorr    .         Rampage  .   (no gloves)
Will     .....                  (boots unavailable)
Stlth    ++........             (no amulet)
HPRegen  0.10/turn              (no ring)
MPRegen  0.00/turn              (no ring)

@: flying, very slightly contaminated
A: sickness immunity, fire resistance 2, cold vulnerability 1, float, innate
caster, hp casting, extra vitality 1
a: no special abilities


You were on level 3 of the Dungeon.
You visited 1 branch of the dungeon, and saw 3 of its levels.

You collected 64 gold pieces.

Inventory:

Hand Weapons
 b - a +0 dagger
 d - a +1 dagger of venom (weapon)
 h - a +1 dagger of venom
Armour
 a - a +0 robe (worn)
Potions
 c - a potion of berserk rage
 e - 2 potions of degeneration {unknown}
 f - a potion of flight {unknown}
 i - 2 potions of heal wounds {unknown}


   Skills:
 - Level 2.1 Dodging
 - Level 1.5 Stealth
 + Level 4.1 Spellcasting


You couldn't memorise any spells.
You knew the following spells:

 Your Spells              Type           Power      Damage    Failure   Level
a - Foxfire               Conj/Fire      68%        2x1d7     3%          1
b - Conjure Flame         Conj/Fire      17%        6-21      9%          3
c - Inner Flame           Hex/Fire       17%        N/A       9%          3
d - Sticky Flame          Conj/Fire      17%        2d4       28%         4
e - Fireball              Conj/Fire      8%         3d6       63%         5
f - Corona                Hex            18%        N/A       3%          1
Your spell library was empty.

Dungeon Overview and Level Annotations

Branches:
Dungeon (3/15)

Altars:


Innate Abilities, Weirdness & Mutations

You are immune to sickness and miasma.
You are immune to poison.
Your flesh is very heat resistant. (rF++)
You are vulnerable to cold. (rC-)
You float through the air rather than walking.
You learn spells naturally, not from books.
Your magical power is your life essence.
You have superior vitality. (+4 HP)


Message History

Found 10 gold pieces.
Found a fuming green potion.
You now have 64 gold pieces (gained 10).
Found a stone staircase leading down.
f - a fuming green potion A wyvern skeleton comes into view.
Casting: Foxfire (safe; 3% risk of failure)
Confirm with . or Enter, or press ? or * to list all spells.
You conjure some foxfire!
Casting: Foxfire (safe; 3% risk of failure)
Confirm with . or Enter, or press ? or * to list all spells.
You miscast Foxfire.
You are very lightly contaminated with residual magic.
Nothing appears to happen.
The foxfire hits the wyvern skeleton!
The wyvern skeleton is moderately damaged.
The foxfire hits the wyvern skeleton.
The wyvern skeleton is moderately damaged.
Casting: Foxfire (safe; 3% risk of failure)
Confirm with . or Enter, or press ? or * to list all spells.
Aiming: Sticky Flame (extremely dangerous; 28% risk of failure)
Press: ? - help, Shift-Dir - straight line, f - wyvern skeleton
Aim: a wyvern skeleton (moderately damaged, 100% to hit)
You miscast Sticky Flame.
You are caught in a fiery explosion.
You resist.
The wyvern skeleton completely misses you.
Casting: Sticky Flame (extremely dangerous; 28% risk of failure)
Confirm with . or Enter, or press ? or * to list all spells.
Aiming: Sticky Flame (extremely dangerous; 28% risk of failure)
Press: ? - help, Shift-Dir - straight line, f/p - wyvern skeleton
Aim: a wyvern skeleton (moderately damaged, 100% to hit)
You miscast Sticky Flame.
Strange energies run through your body! The wyvern skeleton barely misses you.
The wyvern skeleton bites you.
* * * LOW HITPOINT WARNING * * *
The wyvern skeleton bites you.
* * * LOW HITPOINT WARNING * * *
Casting: Sticky Flame (extremely dangerous; 28% risk of failure)
Confirm with . or Enter, or press ? or * to list all spells.
You conjure some foxfire!
* * * LOW HITPOINT WARNING * * *
The wyvern skeleton bites you!
You die...

#.........#
#.........#
#.........#
#.........#
#######.........#
.#.....#.......>.#
.................#
.........###Zv####
.........# #@.#######
.........###v........
................####
...........(...##
........##...#..#
.#.....###...#..#
#....#..### .
#.##......#..##
#####.##.##........


You could see a wyvern skeleton (ally target).

Vanquished Creatures
  Natasha (D:2)
  An adder (D:2)
  A dart slug (D:1)
  3 ball pythons (D:1)
  11 endoplasms
  2 giant cockroaches
  5 goblins
  8 hobgoblins
  A quokka (D:1)
  5 bats
  11 frilled lizards
  3 kobolds (D:2)
  2 rats
54 creatures vanquished.

Vanquished Creatures (others)
  137 foxfires
  8 plants (D:1)
145 creatures vanquished.

Grand Total: 199 creatures vanquished

Notes
Turn   | Place    | Note
-------+----------+-------------------------------------------
     0 | D:1      | raph the Djinni Fire Elementalist began the quest for the
                  | Orb.
     0 | D:1      | Reached XP level 1. HP: 15/15 MP: 0/0
   207 | D:1      | Reached XP level 2. HP: 20/21 MP: 0/0
   311 | D:1      | Found a faded altar of an unknown god.
   441 | D:1      | Reached skill level 3 in Spellcasting
   640 | D:1      | Reached XP level 3. HP: 20/25 MP: 0/0
   640 | D:1      | Learned a level 1 spell: Corona
  2553 | D:2      | Reached XP level 4. HP: 30/31 MP: 0/0
  2648 | D:2      | Noticed Natasha
  2654 | D:2      | Killed Natasha
  2882 | D:2      | Reached skill level 4 in Spellcasting
  3410 | D:3      | Slain by a wyvern skeleton

Illustrated notes

Levels and vault maps discovered:
D:1:      scummos_arrival_checkerplants, layout_basic,
          dreamdust_ecumenical_altar_statues, minmay_lizard_king
D:2:      layout_loops_cross, kennysheep_generic_room_9, uniq_natasha
D:3:      layout_rooms

Skill      XL: |  1  2  3  4 |
---------------+-------------+-----
Spellcasting   | 3 4 |  4.1
Dodging        | |  2.1
Stealth        | |  1.5

Action                   |  1- 3 |  4- 6 || total
-------------------------+-------+-------++-------
Melee: Dagger            |    34 |     8 ||    42
 Cast: Foxfire           |    65 |    24 ||    89
  Use: Scroll            |       |     2 ||     2
 Stab: Sleeping          |     1 |       ||     1
Armor: Robe              |    21 |     2 ||    23
Dodge: Dodged            |    49 |    10 ||    59
